[Event "Titled Tuesday Blitz June 15 2021"]
[White "Vokhidov, Shamsiddin"]
[Black "Colas, Joshua"]
[WhiteFideId "14204223"]
[BlackFideId "2044447"]
[WhiteElo "2572"]
[BlackElo "2347"]
[Result "1-0"]
[Round "11"]
[TimeControl "180+1"]
[Date "2021.06.15"]
[WhiteClock "0:00:26"]
[BlackClock "0:00:15"]

1. e4 c6 2. d3 d5 3. Nd2 g6 4. Ngf3 Bg7 5. d4 e6 6. Bd3 Nf6 7. O-O O-O 8. e5 Nfd7 9. c3 b6 10. Re1 Ba6 11. Bxa6 Nxa6 12. Nf1 c5 13. h4 Rc8 14. h5 cxd4 15. cxd4 Nb4 16. Re2 h6 17. a3 Nc6 18. Qd3 g5 19. N1h2 Na5 20. Ng4 Re8 21. Bd2 Nc4 22. Be1 b5 23. b3 Ncb6 24. Bb4 Nb8 25. Bd6 a6 26. a4 bxa4 27. bxa4 Nc4 28. Bc5 Nd7 29. Bb4 Rb8 30. Be1 Qb6 31. Rc1 Qb3 32. Bc3 Qxa4 33. Nxg5 hxg5 34. h6 Bf8 35. Qh3 Be7 36. Qh5 Nf8 37. h7+ Nxh7 38. Nh6+ Kg7 39. Nxf7 Qd7 40. Bd2 Nxd2 41. Rxd2 Bf8 42. Nxg5 Nxg5 43. Qxg5+ Kh8 44. Rd3 Bg7 45. Qg6 Kg8 46. Rh3 Re7 47. Rcc3 Rf7 48. Rcf3 Rb1+ 49. Kh2 Rxf3 50. Qh7+ Kf8 51. Rxf3+ 1-0


[Site "https://www.chess.com"]